 Dungeon Crawl Stone Soup version 0.29-a0-330-g52719c12eb (webtiles) character file.

Game seed: 18225015242585898559

13951 kae the Arsonist (level 11, -2/89 HPs)
             Began as a Demigod Fire Elementalist on Apr 28, 2022.
             Slain by Jorgrun
             ... wielding a staff of earth
              (3 damage)
             ... while petrified by Jorgrun
             ... on level 12 of the Dungeon.
             The game lasted 00:13:33 (17771 turns).

kae the Arsonist (Demigod Fire Elementalist)       Turns: 17771, Time: 00:13:34

Health: -2/89      AC: 13    Str:  9    XL:     11   Next: 53%
Magic:  0/24       EV: -1    Int: 29    God:
Gold:   512        SH:  0    Dex: 14    Spells: 9/22 levels left

rFire   + . .      SeeInvis +   i - staff of fire
rCold   . . .      Faith    .   (no shield)
rNeg    + + +      Spirit   +   h - +1 swamp dragon scales
rPois   ∞          Reflect  .   c - +0 helmet {SInv}
rElec   .          Harm     .   (no cloak)
rCorr   .          Rampage  .   t - +2 pair of gloves
Will    +....                   (no boots)
Stlth   +.........              J - amulet of guardian spirit
HPRegen 0.24/turn               r - ring of wizardry
MPRegen 0.19/turn               z - ring of poison resistance

@: petrified, grasped by roots, constricted
A: high MP 1, forlorn, divine attributes
a: no special abilities


You were on level 12 of the Dungeon.
You visited 1 branch of the dungeon, and saw 12 of its levels.

You collected 512 gold pieces.

Inventory:

Hand Weapons
 f - a +1 short sword of venom
 x - the +12 lajatang of Watchfulness {vorpal, rF+ rC+ rN+ Str-3}
   (You acquired it on level 8 of the Dungeon)

   It inflicts extra damage upon your enemies.
   Str:       It affects your strength (-3).
   rF:        It protects you from fire.
   rC:        It protects you from cold.
   rN:        It protects you from negative energy.
Missiles
 E - 5 throwing nets
Armour
 a - a +0 robe
 c - a +0 helmet of see invisible (worn)
 h - +1 swamp dragon scales (worn)
 t - a +2 pair of gloves (worn)
Magical Staves
 i - a staff of fire (weapon)
Jewellery
 r - a ring of wizardry (left hand)
 z - a ring of poison resistance (right hand)
 J - an amulet of guardian spirit (around neck)
Wands
 u - a wand of mindburst (27)
 A - a wand of flame (11)
 C - a wand of iceblast (6)
 L - a wand of acid (2)
Scrolls
 l - a scroll of torment
 s - a scroll of amnesia
 y - 3 scrolls of fog
 B - a scroll of enchant armour
 G - a scroll of enchant weapon
Potions
 b - a potion of berserk rage {unknown}
 d - 3 potions of flight
 e - 2 potions of heal wounds
 g - 4 potions of haste
 j - 2 potions of ambrosia
 k - 5 potions of mutation
 m - 3 potions of curing
 n - 2 potions of degeneration
 p - a potion of might
 q - a potion of attraction
 v - 2 potions of lignification {unknown}
 w - 2 potions of brilliance {unknown}
 D - a potion of magic
 K - a potion of resistance {unknown}


   Skills:
 + Level 6.1 Fighting
 + Level 8.6 Staves
 - Level 3.0 Armour
 - Level 1.7 Dodging
 - Level 1.7 Stealth
 - Level 6.0 Spellcasting
 + Level 8.8 Conjurations
 + Level 9.2 Fire Magic


You had 9 spell levels left.
You knew the following spells:

 Your Spells              Type           Power      Damage    Failure   Level
a - Foxfire               Conj/Fire      100%       2x1d9     1%          1
b - Scorch                Fire           100%       2d10      1%          2
c - Conjure Flame         Conj/Fire      75%        6-21      1%          3
d - Inner Flame           Hex/Fire       52%        N/A       2%          3
e - Flame Wave            Conj/Fire      75%        2d13      1%          4

Your spell library contained the following spells:

 Spells                   Type           Power      Damage    Failure   Level
 Magic Dart               Conj           100%       1d8       1%          1
 Searing Ray              Conj           100%       2d8       1%          2
 Sting                    Tmut/Pois      32%        1d4       6%          1
 Corpse Rot               Necr/Air       16%        N/A       9%          2
 Ensorcelled Hibernation  Hex/Ice        16%        N/A       9%          2
 Poisonous Vapours        Pois/Air       16%        N/A       9%          2
 Fulminant Prism          Conj/Hex       17%        3d11      10%         4
 Spider Form              Tmut/Pois      8%         N/A       17%         3
 Tukima's Dance           Hex            8%         N/A       17%         3
 Anguish                  Hex/Necr       4%         N/A       47%         4
 Olgreb's Toxic Radiance  Pois           8%         N/A       47%         4
 Summon Cactus Giant      Summ           4%         N/A       100%        6
 Enfeeble                 Hex            4%         N/A       100%        7


Dungeon Overview and Level Annotations

Branches:
Dungeon (12/15)              Lair (0/6) D:11            Orc (0/2) D:9
 Temple: D:4-7

Portals:
Trove: D:11 (give horn of Geryon)

Annotations:
D:5 exclusion: 2 killer bees
D:10 exclusion: obsidian statue
D:12 Jorgrun, Snorg


Innate Abilities, Weirdness & Mutations

You have an increased reservoir of magic. (+10% MP)
You shall have no god before yourself.
Your divine heritage dramatically boosts your attributes as you level up.


Message History

Flame seeps out of Jorgrun.
Jorgrun is lightly wounded.
Jorgrun is engulfed in blazing flames.
Flame seeps out of Jorgrun.
Jorgrun gestures at you while chanting.
You shatter!!!
The grasping roots constrict you!
You hear a shout! x4
Your limbs are stiffening.
Unknown command.
Unknown command.
Casting: Foxfire (safe; 1% risk of failure)
Confirm with . or Enter, or press ? or * to list all spells.
You feel a surge of power!
You conjure some foxfire!
Jorgrun is engulfed in blazing flames.
Flame seeps out of Jorgrun.
The grasping roots constrict you!
You have turned to stone.
The foxfire hits Jorgrun.
Flame seeps out of Jorgrun.
Jorgrun is moderately wounded.
Jorgrun is engulfed in blazing flames.
Flame seeps out of Jorgrun.
The grasping roots constrict you!
The foxfire hits Jorgrun but does no damage.
Jorgrun is heavily wounded.
The grasping roots constrict you!
Jorgrun says, "Tha earth be me home, an' ye be trespassing!"
Jorgrun points at you and mumbles some strange words.
You struggle to resist.
The grasping roots constrict you. The grasping roots constrict you!
Jorgrun hits you with a staff of earth! Jorgrun shatters you!
The grasping roots constrict you!
* * * LOW HITPOINT WARNING * * *
Jorgrun hits you with a staff of earth.
* * * LOW HITPOINT WARNING * * *
Jorgrun shatters you.
* * * LOW HITPOINT WARNING * * *
The grasping roots constrict you!!
* * * LOW HITPOINT WARNING * * *
Jorgrun hits you but does no damage. Jorgrun shatters you!
* * * LOW HITPOINT WARNING * * *
The grasping roots constrict you!
* * * LOW HITPOINT WARNING * * *
Jorgrun hits you with a staff of earth!
You die...

*,,,,,,,,*,,,,,*,,,,,,,,,,,,*,,
**,,,******,,,,**,,***,******,,
******,,**,,,,**,,***+**,,**,,
*,,,,,,,,,*,,,*,,,,,,,,,,,
*,,,,,,,,,*,,,*,,,,,,,,,,,
*********,**####*******,,**,,,,,,
*,**,*,,*,*##..#####***,,**,,,,,,
,,,,,,,,,,,#...'...#,,,,,**,,***+
,,,,,,*,,,,#...#@..#,,,,,**,,***,
,,,,,,*,,,,#...#.g[#,,,,,*,,,,,,,
,,,,,,*,,,,#<..#...#,,,,,*,,,,,,,
**,,,**,,**#.####...#,**,***,,***
**,,,**,,**#.****.#...**,***,,***
*,,,,,,,,*,..,,,,..#..#,,,,,,,,,,
*,,,,,,,,*...,,,,..#....,,,,,,,,,
+,,,,,,,,+,,,,,,,..#,...,,,,,,,,,
**,,***,***,,***#.###*#g+##*,,,**


You could see Jorgrun (inner flame).

Vanquished Creatures
  Harold (D:10)
  4 two-headed ogres
  An ugly thing (D:11)
  2 cyclopes
  Maurice (D:8)
  2 gargoyles
  A troll (D:11)
  A hornet (D:9)
  Prince Ribbit (D:6)
  A vampire (D:11)
  2 wyverns
  A wraith (D:9)
  25 yaks
  3 water moccasins
  5 orc warriors
  An ice beast (D:6)
  3 ogres
  3 black bears
  5 centaurs
  A phantom (D:6)
  2 scorpions
  4 bullfrogs
  2 necrophages (D:6)
  8 wights (D:8)
  3 killer bees
  2 howler monkeys (D:10)
  6 electric eels (D:10)
  A gnoll shaman (D:7)
  9 orc priests
  4 hounds
  Ijyb (D:4)
  An iguana (D:7)
  12 orc wizards
  4 gnolls (D:7)
  4 adders
  A shadow imp (D:6)
  2 ufetubi
  A dart slug (D:4)
  41 orcs
  3 endoplasms
  3 giant cockroaches
  9 goblins
  6 hobgoblins
  18 jackals
  12 kobolds
  2 quokkas
  7 ball pythons
  3 bats
  2 frilled lizards (D:3)
  7 rats
244 creatures vanquished.

Vanquished Creatures (collateral kills)
  3 foxfires
3 creatures vanquished.

Vanquished Creatures (others)
  741 foxfires
  31 fungi (D:11)
  60 plants
832 creatures vanquished.

Grand Total: 1079 creatures vanquished

Notes
Turn   | Place    | Note
-------+----------+-------------------------------------------
     0 | D:1      | kae the Demigod Fire Elementalist began the quest for the
                  | Orb.
     0 | D:1      | Reached XP level 1. HP: 14/14 MP: 5/5
    63 | D:1      | Reached skill level 1 in Conjurations
   433 | D:1      | Reached XP level 2. HP: 6/20 MP: 1/7
   691 | D:1      | Learned a level 2 spell: Scorch
   841 | D:1      | Reached skill level 3 in Fire Magic
   945 | D:1      | Found Tamn's Jewellery Shop.
  2477 | D:2      | Reached XP level 3. HP: 26/26 MP: 2/9
  2481 | D:2      | Learned a level 3 spell: Conjure Flame
  2845 | D:3      | Reached skill level 1 in Staves
  2887 | D:3      | Reached XP level 4. HP: 25/33 MP: 5/10
  3570 | D:3      | Identified a scroll of acquirement
  3570 | D:3      | Acquired a +0 helmet of see invisible
  5063 | D:4      | Noticed an ogre
  5070 | D:4      | Killed an ogre
  5071 | D:4      | Reached XP level 5. HP: 38/38 MP: 3/12
  5518 | D:5      | Entered Level 5 of the Dungeon
  5523 | D:5      | Learned a level 3 spell: Inner Flame
  5588 | D:5      | Noticed a centaur
  5687 | D:5      | Killed a centaur
  5688 | D:5      | Reached skill level 4 in Fire Magic
  5688 | D:5      | Reached XP level 6. HP: 24/45 MP: 8/14
  6053 | D:5      | Noticed Ijyb
  6057 | D:5      | Paralysed by Ijyb for 2 turns
  6065 | D:5      | Paralysed by Ijyb for 5 turns
  6235 | D:4      | Paralysed by Ijyb for 5 turns
  6249 | D:4      | Killed Ijyb
  6549 | D:5      | Reached XP level 7. HP: 50/50 MP: 10/16
  7147 | D:6      | Learned a level 4 spell: Flame Wave
  7299 | D:6      | Noticed a yak
  7301 | D:6      | Noticed a yak
  7320 | D:6      | Killed a yak
  7321 | D:6      | Reached skill level 5 in Fire Magic
  7453 | D:6      | Reached skill level 1 in Armour
  7541 | D:6      | Reached XP level 8. HP: 57/57 MP: 15/18
  7767 | D:6      | Noticed Prince Ribbit
  7774 | D:6      | Killed Prince Ribbit
  7961 | D:5      | Reached skill level 5 in Conjurations
  8243 | D:6      | Reached skill level 5 in Spellcasting
  8332 | D:6      | Reached skill level 5 in Staves
  8667 | D:7      | Reached skill level 6 in Fire Magic
  8677 | D:7      | Reached XP level 9. HP: 61/62 MP: 9/20
  9156 | D:7      | Noticed a cyclops
  9540 | D:7      | Killed a cyclops
 10487 | D:8      | Reached skill level 1 in Fighting
 11047 | D:8      | Reached skill level 7 in Fire Magic
 11625 | D:8      | Reached XP level 10. HP: 59/74 MP: 11/22
 12221 | D:8      | Acquired the +12 lajatang of Watchfulness {vorpal, rF+ rC+
                  | rN+ Str-3}
 12403 | D:9      | Found a staircase to the Orcish Mines.
 12497 | D:9      | Noticed Maurice
 12516 | D:8      | Killed Maurice
 13082 | D:9      | Noticed a two-headed ogre
 13106 | D:9      | Killed a two-headed ogre
 13564 | D:9      | Paralysed by a hornet for 3 turns
 13702 | D:10     | Entered Level 10 of the Dungeon
 13899 | D:10     | Noticed Harold
 13914 | D:10     | Killed Harold
 13915 | D:10     | Reached skill level 8 in Fire Magic
 14189 | D:10     | Noticed a two-headed ogre
 14210 | D:10     | Killed a two-headed ogre
 14549 | D:10     | Noticed an obsidian statue
 14654 | D:10     | Reached XP level 11. HP: 75/85 MP: 9/24
 14661 | D:10     | Reached skill level 5 in Fighting
 15600 | D:11     | Noticed a two-headed ogre
 15620 | D:11     | Killed a two-headed ogre
 15851 | D:11     | Noticed a two-headed ogre
 15874 | D:11     | Killed a two-headed ogre
 15973 | D:11     | Reached skill level 9 in Fire Magic
 16672 | D:11     | Found a staircase to the Lair.
 17110 | D:11     | Found a portal to a secret trove of treasure.
 17391 | D:12     | Noticed Jorgrun
 17398 | D:12     | Noticed Snorg
 17412 | D:12     | Noticed a deep elf pyromancer
 17770 | D:12     | HP: 1/89 [constriction (7)]
 17771 | D:12     | Slain by Jorgrun

Illustrated notes

Levels and vault maps discovered:
D:1:      dpeg_arrival_tiny_b, layout_loops_ring, serial_shops,
          nicolae_shop_trees, hellmonk_ecumenical_altar_defaced_shrine
D:2:      layout_basic, basic_altar
D:3:      layout_rooms
D:4:      layout_layer_cave
D:5:      layout_rooms, mainiacjoe_overflow_catch_the_wave,
          minmay_temple_entry_proselytizer, uniq_ijyb
D:6:      wander_river, layout_basic, kennysheep_mini, uniq_prince_ribbit1
D:7:      layout_basic, nicolae_overflow_crystal_walls
D:8:      layout_loops_ring
D:9:      layout_basic, minmay_orc_entry_temple_small, uniq_maurice
D:10:     layout_basic, serial_bayou, serial_bayou_lake_a, serial_bayou_ford_a,
          serial_bayou_pond_e, serial_bayou_shore_a, serial_bayou_pond_b,
          serial_bayou_lagoon_b, minmay_statue_bubble, uniq_harold
D:11:     layout_small_grid, due_lair_maze_entry_diamond, enter_trove_2,
          tso_oasis_becter
D:12:     layout_gridville, minivault_12, uniq_erolcha, uniq_snorg, uniq_jorgrun

Skill      XL: |  1  2  3  4  5  6  7  8  9 10 11 |
---------------+----------------------------------+-----
Conjurations   | 1 2 3 4 5 6 8 |  8.8
Spellcasting   | 2 3 4 5 6 |  6.0
Fire Magic     | 3 4 5 6 7 8 9 |  9.2
Staves         | 1 2 3 4 5 6 7 8 |  8.6
Armour         | 1 3 |  3.0
Fighting       | 2 4 6 |  6.1
Dodging        | |  1.7
Stealth        | |  1.7

Action                   |  1- 3 |  4- 6 |  7- 9 | 10-12 || total
-------------------------+-------+-------+-------+-------++-------
Melee: Unarmed           |     3 |       |       |       ||     3
       Staff             |       |    17 |    11 |    20 ||    48
       Punch             |       |       |       |     2 ||     2
 Cast: Foxfire           |    88 |   105 |   136 |   117 ||   446
       Scorch            |     2 |    25 |    58 |    80 ||   165
       Conjure Flame     |       |     1 |     8 |     8 ||    17
       Inner Flame       |       |       |     9 |     8 ||    17
       Flame Wave        |       |       |     3 |     9 ||    12
  Use: Scroll            |     3 |    10 |     5 |    16 ||    34
       Potion            |       |       |     3 |     4 ||     7
Armor: Robe              |     3 |    28 |       |       ||    31
       Swamp dragon scal |       |       |    41 |    71 ||   112
Dodge: Dodged            |     9 |    58 |    65 |    81 ||   213

Table legend: (Time is in decaauts)
 A = Elapsed time spent in this place.
 B = Non-inter-level travel time spent in this place.
 C = Inter-level travel time spent in this place.
 D = Time resting spent in this place.
 E = Time spent auto-exploring this place.
 F = Levels seen in this place.
 G = Mean time per level.
                   A        B        C        D        E       F      G
               +--------+--------+--------+--------+--------+-----+--------+
         Total |  17850 |  17343 |    507 |   2173 |  12796 |  12 | 1487.5 |
       Dungeon |  17850 |  17343 |    507 |   2173 |  12796 |  12 | 1487.5 |
               +--------+--------+--------+--------+--------+-----+--------+

Top non-repeatable levels by time:
     D:8: 2385 daAuts
     D:4: 2090 daAuts
    D:11: 2026 daAuts
    D:10: 2020 daAuts
     D:6: 1658 daAuts
     D:5: 1536 daAuts
     D:2: 1497 daAuts
     D:7: 1274 daAuts
     D:1: 1143 daAuts
     D:3: 1098 daAuts
     D:9: 1032 daAuts
    D:12: 86 daAuts
